 Dungeon Crawl Stone Soup version 0.28.0 (webtiles) character file.

Game seed: 10134770068150324322

21256 horus123 the Fighter (level 12, -17/117 HPs)
             Began as a Minotaur Fighter on Feb 10, 2022.
             Was a Believer of Makhleb.
             Demolished by a vampire knight (23 damage)
             ... created by the anger of Yredelemnul
             ... on level 4 of the Lair of Beasts.
             The game lasted 00:29:02 (15720 turns).

horus123 the Fighter (Minotaur Fighter)            Turns: 15720, Time: 00:29:03

Health: -17/117    AC: 16    Str: 24    XL:     12   Next: 52%
Magic:  18/18      EV: 17    Int:  5    God:    Makhleb [**....]
Gold:   955        SH:  4    Dex: 12    Spells: 11/11 levels left

rFire   . . .      SeeInvis .   p - +6 shillelagh "Devastator" {shatter}
rCold   . . .      Faith    .   c - +0 buckler
rNeg    . . .      Spirit   .   F - +2 ring mail of Heresy {rElec rCorr}
rPois   .          Reflect  .   (helmet restricted)
rElec   +          Harm     .   (no cloak)
rCorr   +          Rampage  .   d - +0 pair of gloves
Will    .....                   g - +1 pair of boots
Stlth   +.........              D - amulet of the acrobat
HPRegen 0.29/turn               j - +4 ring of protection
MPRegen 0.16/turn               t - +4 ring of evasion

@: flying, slowed, very slow
A: horns 2, retaliatory headbutt
a: Renounce Religion, Minor Destruction


You were on level 4 of the Lair of Beasts.
You worshipped Makhleb.
Makhleb was pleased with you.
You visited 3 branches of the dungeon, and saw 16 of its levels.

You collected 955 gold pieces.

Inventory:

Hand Weapons
 p - the +6 shillelagh "Devastator" (weapon) {shatter}
   (You acquired it on level 3 of the Dungeon)

   It releases a powerful concussive burst when it strikes, dealing extra damage
   to the target and all other foes adjacent to them.
 z - a +4 flail of venom
 T - a +1 morningstar
Missiles
 u - 6 silver javelins
 A - 3 throwing nets
Armour
 b - a +0 scale mail
 c - a +0 buckler (worn)
 d - a +0 pair of gloves (worn)
 g - a +1 pair of boots (worn)
 k - an orb of wrath
 x - a +0 chain mail
 F - the +2 ring mail of Heresy (worn) {rElec rCorr}
   (You found it on level 6 of the Dungeon)

   rElec:     It insulates you from electricity.
   rCorr:     It protects you from acid and corrosion.
 P - a +2 leather armour of willpower
Jewellery
 h - a ring of flight
 j - a +4 ring of protection (left hand)
 n - a ring of fire
 t - a +4 ring of evasion (right hand)
 w - a ring of resist corrosion
 D - an amulet of the acrobat (around neck)
 E - an amulet of magic regeneration
 G - a ring of ice
 J - a +4 ring of evasion
 N - an amulet of guardian spirit
Wands
 C - a wand of polymorph (19)
 I - a wand of acid (9)
 K - a wand of paralysis (22)
 L - a wand of mindburst (13)
 M - a wand of flame (50)
Scrolls
 s - 4 scrolls of fog
 y - 4 scrolls of magic mapping
 B - a scroll of fear
 H - 4 scrolls of teleportation
 R - a scroll of identify
 S - a scroll of enchant armour
Potions
 a - 2 potions of attraction {unknown}
 e - 2 potions of haste
 f - 3 potions of lignification
 i - a potion of mutation
 l - a potion of flight
 m - a potion of resistance
 o - 5 potions of curing {unknown}
 r - 3 potions of ambrosia {unknown}
 v - 2 potions of degeneration {unknown}
 Q - a potion of berserk rage {unknown}
Miscellaneous
 O - a piece from Xom's chessboard (15/15)


   Skills:
 - Level 14.1 Fighting
 - Level 14.0 Maces & Flails
 - Level 9.0 Armour
 - Level 7.3 Dodging
 - Level 3.6 Shields
 + Level 9.4 Invocations


You had 11 spell levels left.
You didn't know any spells.
Your spell library contained the following spells:

 Spells                   Type           Power      Damage    Failure   Level
 Magic Dart               Conj           0%         1d3       71%         1
 Slow                     Hex            0%         N/A       71%         1
 Sting                    Tmut/Pois      0%         1d3       71%         1
 Poisonous Vapours        Pois/Air       0%         N/A       83%         2
 Searing Ray              Conj           0%         2d4       83%         2
 Confusing Touch          Hex            0%         N/A       97%         3
 Frozen Ramparts          Ice            0%         1d2       97%         3
 Tukima's Dance           Hex            0%         N/A       97%         3
 Vampiric Draining        Necr           0%         2d6       97%         3
 Anguish                  Hex/Necr       0%         N/A       100%        4
 Fulminant Prism          Conj/Hex       0%         3d6       100%        4
 Ice Form                 Ice/Tmut       0%         N/A       100%        4
 Olgreb's Toxic Radiance  Pois           0%         N/A       100%        4
 Summon Ice Beast         Ice/Summ       0%         N/A       100%        4
 Enfeeble                 Hex            0%         N/A       100%        7


Dungeon Overview and Level Annotations

Branches:
Dungeon (11/15)            Temple (1/1) D:5            Lair (4/6) D:10
 Shoals (0/4) Lair:2       Spider (0/4) Lair:2
    Orc: D:9-12

Altars:
Ashenzari
Cheibriados
Dithmenos
Elyvilon
Fedhas
Gozag
Hepliaklqana
Kikubaaqudgha
Makhleb
Nemelex Xobeh
Okawaru
Qazlal
Ru
Sif Muna
Trog
Uskayaw
Vehumet
Wu Jian
Xom
Yredelemnul
Zin
The Shining One

Shops:
D:4 [


Innate Abilities, Weirdness & Mutations

You have a pair of horns on your head.
You reflexively headbutt those who attack you in melee.


Message History

The vampire knight gestures wildly while chanting.
The vampire knight flickers and vanishes!
Deactivating autopickup; reactivate with Ctrl-A.
The bog body closely misses you. Something hits you!! Something bites you.
Something draws strength from your injuries!
Something completely misses you. Something bites you but does no damage.
The bog body gestures at you while chanting.
The bolt of cold hits you!!
You closely miss the bog body.
You headbutt the bog body, but do no damage.
The bog body is lightly damaged.
Something hits you!!
* * * LOW HITPOINT WARNING * * *
Something bites you but does no damage.
You feel much better. The bog body casts a spell at you.
You feel yourself slow down. Something hits you. Something barely misses you.
It was a potion of flight.
You feel very buoyant.
You fly up into the air.
You feel less confused. Something closely misses you. Something bites you.
Something draws strength from your injuries!
The bog body gestures at you while chanting.
You feel as though you will be slow longer.
Something hits you! Something bites you but does no damage.
The bog body touches you but does no damage.
You block something's attack. Something bites you but does no damage.
You feel much better. Something hits you!!
* * * LOW HITPOINT WARNING * * *
Something bites you.
* * * LOW HITPOINT WARNING * * *
Something draws strength from your injuries!
The bog body touches you.
* * * LOW HITPOINT WARNING * * *
The bog body freezes you!
* * * LOW HITPOINT WARNING * * *
Something hits you!!
You die...

#......## #...[...#
#......P ##.......
#.......# #.......#
#.......# #......##
#.....n@# ######
##.....{.######.##.#
#P......#.P.#P..#)###
.....................#
.....................#
.....................#
...............[.....#
.....................#
##......###.#.###..##


You could see a bog body.

Vanquished Creatures
  3 hydras
  3 two-headed ogres
  Sonja (D:11)
  3 skeletal warriors
  A bog body (Lair:2)
  2 flayed ghosts
  A centaur zombie (D:10)
  2 black mambas (Lair:3)
  5 cane toads
  A gargoyle (D:9)
  A kobold demonologist (D:6)
  3 komodo dragons
  A troll (D:11)
  A hornet (D:10)
  A meliai (Lair:2)
  Prince Ribbit (D:8)
  3 blink frogs (Lair:2)
  Sigmund (D:2)
  2 shadows
  2 wyverns (D:10)
  A wraith (D:10)
  A vampire (D:9)
  29 yaks
  3 steam dragons
  2 basilisks
  The ghost of LobsterGuardian the Digger, an amateur GrEE (D:3)
  16 water moccasins
  A black bear (D:7)
  3 orc warriors
  An ice beast (D:5)
  A sky beast (D:6)
  6 wolves (Lair:3)
  2 ogres
  3 centaurs
  3 kobold brigands
  3 gnoll sergeants
  A water moccasin zombie (D:5)
  8 bullfrogs
  4 scorpions
  A water moccasin skeleton (D:6)
  9 killer bees
  4 wights (D:7)
  2 howler monkeys
  A bullfrog zombie (D:6)
  3 hounds (D:4)
  3 orc priests
  A gnoll shaman (D:6)
  3 iguanas
  7 orc wizards
  A scorpion zombie (D:5)
  18 gnolls
  7 adders
  An adder skeleton (D:4)
  2 worms
  A dart slug (D:3)
  20 orcs
  11 ball pythons
  3 bats
  A bat zombie (D:5)
  8 endoplasms
  A giant cockroach (D:4)
  3 goblins (D:4)
  8 hobgoblins
  2 jackals (D:3)
  21 kobolds
  2 quokkas (D:2)
  2 frilled lizards
  3 gnoll zombies
  A rat (D:2)
277 creatures vanquished.

Vanquished Creatures (collateral kills)
  A vampire knight (Lair:2)
  A skeletal warrior (Lair:2)
  A flayed ghost (Lair:2)
  A steam dragon (D:7)
  An ogre (D:6)
  A wyvern zombie (D:6)
  A centaur zombie (D:6)
  A bullfrog skeleton (D:6)
  An iguana (D:6)
  An orc wizard (D:6)
  A gnoll (D:7)
  2 orcs (D:6)
  A gnoll zombie (D:6)
14 creatures vanquished.

Vanquished Creatures (others)
  A black bear zombie (D:7)
  2 steam dragon zombies (D:7)
  An iguana zombie (D:6)
  4 gnoll zombies
  9 fungi
  26 plants
43 creatures vanquished.

Grand Total: 334 creatures vanquished

Notes
Turn   | Place    | Note
-------+----------+-------------------------------------------
     0 | D:1      | horus123 the Minotaur Fighter began the quest for the Orb.
     0 | D:1      | Reached XP level 1. HP: 19/19 MP: 0/0
   559 | D:1      | Reached XP level 2. HP: 28/28 MP: 1/1
   772 | D:1      | Found a faded altar of an unknown god.
  1138 | D:2      | Noticed Sigmund
  1152 | D:2      | Killed Sigmund
  1153 | D:2      | Reached XP level 3. HP: 11/39 MP: 2/2
  1153 | D:2      | Reached XP level 4. HP: 14/47 MP: 3/3
  1153 | D:2      | Reached XP level 5. HP: 15/52 MP: 4/4
  2050 | D:3      | Found a runed translucent door.
  2050 | D:3      | Noticed LobsterGuardian's ghost (amateur GrEE)
  2134 | D:3      | Reached XP level 6. HP: 60/60 MP: 5/5
  2227 | D:3      | Found a radiant altar of Vehumet.
  2940 | D:3      | Identified a scroll of acquirement
  2943 | D:3      | Acquired the +6 shillelagh "Devastator" {shatter}
  2943 | D:3      | Found the +6 shillelagh "Devastator" {shatter}
  2952 | D:3      | Killed LobsterGuardian's ghost
  2953 | D:3      | Reached skill level 5 in Maces & Flails
  3032 | D:4      | Found Pekhlal's Armour Boutique.
  3604 | D:4      | Reached XP level 7. HP: 66/66 MP: 6/6
  4054 | D:5      | Entered Level 5 of the Dungeon
  4333 | D:5      | Found an ancient bone altar of Kikubaaqudgha.
  4445 | D:5      | Found a staircase to the Ecumenical Temple.
  4572 | Temple   | Entered the Ecumenical Temple
  5008 | Temple   | Became a worshipper of Yredelemnul the Dark
  5148 | D:5      | Found a shimmering blue altar of Sif Muna.
  5411 | D:5      | Reached * piety under Yredelemnul
  5415 | D:5      | Reached XP level 8. HP: 49/73 MP: 7/7
  5784 | D:6      | Reached skill level 5 in Armour
  5784 | D:6      | Found an iron altar of Okawaru.
  5959 | D:6      | Reached ** piety under Yredelemnul
  6143 | D:6      | Reached skill level 1 in Dodging
  6217 | D:6      | Noticed a kobold demonologist
  6219 | D:6      | Noticed a soul eater
  6226 | D:6      | Noticed a sun demon
  6230 | D:6      | Killed a kobold demonologist
  6231 | D:6      | Reached XP level 9. HP: 50/79 MP: 8/8
  6393 | D:6      | Identified the +2 ring mail of Heresy {rElec rCorr}
  6428 | D:6      | Reached *** piety under Yredelemnul
  6701 | D:7      | Reached skill level 5 in Dodging
  7196 | D:7      | Fell from the grace of Yredelemnul
  7537 | D:8      | Noticed a two-headed ogre
  7540 | D:8      | Killed a two-headed ogre
  7701 | D:8      | Noticed a two-headed ogre
  7709 | D:8      | Killed a two-headed ogre
  7710 | D:8      | Reached skill level 10 in Fighting
  7710 | D:8      | Reached XP level 10. HP: 43/94 MP: 9/9
  8190 | D:8      | Noticed Prince Ribbit
  8195 | D:8      | Killed Prince Ribbit
  8196 | D:8      | Reached skill level 10 in Maces & Flails
  8749 | D:9      | Noticed a gargoyle
  8754 | D:9      | Killed a gargoyle
  8832 | D:9      | Found an ornate altar of the Wu Jian Council.
  9319 | D:9      | Identified the +9 hand axe "Karimuhe" {flame, rF++ rCorr
                  | Str+4 Int-3}
  9759 | D:10     | Entered Level 10 of the Dungeon
 10052 | D:10     | Found a staircase to the Lair.
 10272 | D:10     | Found a shimmering altar of Xom.
 10277 | D:10     | Found a stormy altar of Qazlal.
 10277 | D:10     | Found a snail-covered altar of Cheibriados.
 10290 | D:10     | Found a burning altar of Makhleb.
 10298 | D:10     | Became a worshipper of Makhleb the Destroyer
 10304 | D:10     | Found a glowing silver altar of Zin.
 10335 | D:10     | Reached XP level 11. HP: 91/101 MP: 10/10
 10920 | D:11     | Reached * piety under Makhleb
 10961 | D:11     | Noticed a flayed ghost
 10961 | D:11     | Noticed a skeletal warrior
 10971 | D:11     | Killed a skeletal warrior
 10975 | D:11     | Killed a flayed ghost
 11313 | D:11     | Noticed a two-headed ogre
 11320 | D:11     | Killed a two-headed ogre
 11556 | D:11     | Noticed Sonja
 11567 | D:11     | Killed Sonja
 12015 | Lair:1   | Entered Level 1 of the Lair of Beasts
 12397 | Lair:1   | Noticed a skeletal warrior
 12397 | Lair:1   | Noticed a flayed ghost
 12400 | Lair:1   | Killed a skeletal warrior
 12403 | Lair:1   | Killed a flayed ghost
 12517 | Lair:1   | Reached skill level 1 in Invocations
 12578 | Lair:1   | Noticed a four-headed hydra
 12585 | Lair:1   | Killed a four-headed hydra
 12981 | Lair:2   | Noticed a four-headed hydra
 12989 | Lair:2   | Killed a four-headed hydra
 12990 | Lair:2   | Reached skill level 5 in Invocations
 12990 | Lair:2   | Reached XP level 12. HP: 88/117 MP: 14/14
 13008 | Lair:2   | Identified the +1 leather armour "Huff" {rPois rC+}
 13072 | Lair:2   | Noticed a vampire knight
 13082 | Lair:2   | Killed a vampire knight
 13488 | Lair:2   | Found a hole to the Spider Nest.
 13489 | Lair:2   | Noticed a five-headed hydra
 13497 | Lair:2   | Killed a five-headed hydra
 14434 | Lair:2   | Found a staircase to the Shoals.
 14767 | Lair:3   | Reached ** piety under Makhleb
 15711 | Lair:4   | Noticed a vampire knight
 15720 | Lair:4   | Demolished by a vampire knight

Illustrated notes

Levels and vault maps discovered:
D:1:      nzn_arrival_depleted_hourglass, layout_loops_ring,
          shapermc_ecumenical_altar_mp_vishouse, nrook_uturn
D:2:      layout_basic, minivault_14, uniq_sigmund
D:3:      layout_basic, amcnicky_altar_gilded, hellmonk_ghost_happy_afterlife,
          glass_columns_a, minmay_diced_spiral
D:4:      layout_loops_ring, serial_shops, shop, chequers_big_river,
          minmay_hedge_maze, chequers_arboretum, cheibrodos_gnoll_hut
D:5:      layout_basic, lemuel_zombie_altar_kikubaaqudgha,
          general_overflow_altar, temple_doors_e, minmay_misc_feat_diagonals,
          corner_web_ring
D:6:      layout_cave_pools, mainiacjoe_overflow_tiny_flanked
D:7:      layout_basic
D:8:      layout_loops_cross, hangedman_decor_lopped,
          kennysheep_generic_room_14, uniq_prince_ribbit1
D:9:      layout_layer_cave, lemuel_tele_altar
D:10:     layout_stronghold, minmay_overflow_temple_star_hex,
          minmay_lair_entry_grove, corexii_leaking_fountain
D:11:     layout_layer_cave, uniq_sonja
Temple:   minmay_temple_forest_path
Lair:1:   layout_cave_pods
Lair:2:   layout_chaotic_city, elwin_shoals_entry_rooms,
          hellmonk_spider_entry_not_the_bees, minmay_stone_trees_large
Lair:3:   layout_cave_pods, lemuel_fruit_tree
Lair:4:   layout_hall_layers, grunt_megastairs_4, serial_bayou_shore_b,
          uniq_josephine

Skill      XL: |  1  2  3  4  5  6  7  8  9 10 11 12 |
---------------+-------------------------------------+-----
Fighting       | 4 7 10 14 | 14.1
Maces & Flails | 4 6 9 13 14 | 14.0
Armour         | 4 9 |  9.0
Dodging        | 3 7 |  7.3
Invocations    | 5 9 |  9.4
Shields        | |  3.6

Action                   |  1- 3 |  4- 6 |  7- 9 | 10-12 || total
-------------------------+-------+-------+-------+-------++-------
Melee: Flail             |    34 |    80 |    55 |       ||   169
       Headbutt          |     5 |    22 |    25 |    61 ||   113
       Shillelagh        |       |    27 |    65 |   298 ||   390
       Unarmed           |       |       |     6 |       ||     6
Invok: Renounce Religion |       |       |     1 |       ||     1
       Minor Destruction |       |       |       |    16 ||    16
  Use: Scroll            |     3 |     7 |     5 |     8 ||    23
       Potion            |       |       |       |     9 ||     9
Armor: Scale mail        |    20 |    36 |     3 |       ||    59
       Chain mail        |       |       |    25 |       ||    25
       Ring mail         |       |       |    18 |    64 ||    82
Dodge: Dodged            |     9 |    53 |   106 |   204 ||   372
Block: Buckler           |     5 |    15 |    27 |    50 ||    97
